 Dungeon Crawl Stone Soup version bcrawl-1.39.1 (webtiles) character file.

Game seed: 13111212099333666561

99058 KristoblXynda the Conjurer (level 2, -4/20 HPs)
             Began as a Draconian Conjurer on July 25, 2023.
             Slain by an iguana (13 damage)
             ... on level 2 of the Dungeon.
             The game lasted 00:01:28 (975 turns).

KristoblXynda the Conjurer (Draconian Conjurer)      Turns: 975, Time: 00:01:29

Health: -4/20      AC:  4    Str: 10    XL:     2   Next: 75%
Magic:  0/5        EV: 12    Int: 15    God:
Gold:   79         SH:  0    Dex: 11    Spells: 4/5 levels left

rFire    . . .     GDR:     23% c - +0 dagger
rCold    . . .     SeeInvis .   (no shield)
rNeg     . . .     Gourm    .   (armour unavailable)
rPois    .         Faith    .   (helmet restricted)
rElec    .         Spirit   .   (no cloak)
rCorr    .         Reflect  .   (no gloves)
MR       .....     Rnd*Tele +   (no boots)
Stlth    ++........             (no amulet)
HPRegen  0.13/turn              f - ring of teleportation (curse)
MPRegen  0.09/turn              (no ring)

@: no status effects
A: unfitting armour, cold-blooded, AC +4
a: no special abilities


You were on level 2 of the Dungeon.
You were not hungry.

You visited 1 branch of the dungeon, and saw 2 of its levels.

You collected 79 gold pieces.

Inventory:

Hand Weapons
 c - a +0 dagger (weapon)
Jewellery
 f - a cursed ring of teleportation (left hand)
Scrolls
 a - a scroll of fog {unknown}
 i - a scroll of identify
Potions
 b - a potion of magic
 d - a potion of curing {unknown}
 g - a potion of degeneration {unknown}
 h - a potion of lignification {unknown}
Comestibles
 e - a ration {!d}


   Skills:
 + Level 2.1 Dodging
 + Level 2.3 Stealth
 + Level 2.3 Spellcasting
 + Level 4.2 Conjurations


You had 4 spell levels left.
You knew the following spells:

 Your Spells              Type           Power        Failure   Level  Hunger
a - Magic Dart            Conj           ##..         3%          1    None

Your spell library contained the following spells:

 Spells                   Type           Power        Failure   Level  Hunger
 Searing Ray              Conj           ##......     6%          2    ##.....
 Iskenderun's Mystic Bla  Conj           ##......     12%         3    ####...
 Fulminant Prism          Conj/Hex       #.........   65%         4    ######.
 Irradiate                Conj/Tmut      #.........   94%         5    #######


Dungeon Overview and Level Annotations

Branches:
Dungeon (2/12)

Altars:
Nemelex Xobeh


Innate Abilities, Weirdness & Mutations

Your plain brown scales are hard. (AC +4)
You cannot fit into any form of body armour.
You are cold-blooded and may be slowed by cold attacks.


Message History

The iguana bites you.
Casting: Magic Dart (safe; 3% risk of failure)
Confirm with . or Enter, or press ? or * to list all spells.
Aiming: Magic Dart (safe; 3% risk of failure)
Press: ? - help, Shift-Dir - straight line, f/p - iguana
Aim: an iguana (moderately wounded)
The magic dart hits the iguana but does no damage.
The iguana is moderately wounded.
The iguana bites you.
Casting: Magic Dart (safe; 3% risk of failure)
Confirm with . or Enter, or press ? or * to list all spells.
Aiming: Magic Dart (safe; 3% risk of failure)
Press: ? - help, Shift-Dir - straight line, f/p - iguana
Aim: an iguana (moderately wounded)
The magic dart hits the iguana.
The iguana is moderately wounded.
The iguana misses you. The iguana bites you!
Ouch! That really hurt!
You die...

#.# #.# #.# #.# #.#
#.# #.# #.# #.# #.#
#.# ##.# #.# ##..# #
#.# ####.#.####...#
#.####...###@.......
#......##.#l####...#
######## #s## # #.#
#.# #.. .... #.##.
..# .#


You could see an iguana and a giant cockroach.

Vanquished Creatures
  A dart slug (D:1)
  A leopard gecko (D:1)
  2 giant cockroaches (D:1)
  2 hobgoblins (D:1)
  2 quokkas
  4 bats (D:1)
  A frilled lizard (D:2)
  4 goblins (D:1)
  A kobold (D:1)
  A rat (D:1)
19 creatures vanquished.

Notes
Turn   | Place    | Note
-------+----------+-------------------------------------------
     0 | D:1      | KristoblXynda the Draconian Conjurer began the quest for
                  | the Orb.
     0 | D:1      | Reached XP level 1. HP: 14/14 MP: 3/3
   240 | D:1      | Reached XP level 2. HP: 20/20 MP: 3/5
   887 | D:1      | Found a sparkling altar of Nemelex Xobeh.
   975 | D:2      | Slain by an iguana

Skill      XL: |  1 |
---------------+----+-----
Dodging        | 2 |  2.1
Stealth        | |  2.3
Spellcasting   | |  2.3
Conjurations   | |  4.2

Action                   || total
-------------------------++-------
Melee: Unarmed           ||     6
       Tailslap          ||     4
       Dagger            ||    23
 Cast: Magic Dart        ||    27
 Stab: Sleeping          ||     3
  Eat: Chunk             ||     1
Armor: Skin              ||     6
Dodge: Dodged            ||    14
